 Dungeon Crawl Stone Soup version 0.30-a0-393-g54b8e3be05 (webtiles) character file.

Game seed: 6990479168326250016

4001837 freelancePsychic the Sorcerer (level 27, 211/211 HPs)
             Began as a Djinni Cinder Acolyte on Dec 5, 2022.
             Was a High Priest of Ignis.
             Escaped with the Orb
             ... and 5 runes!
             The game lasted 01:53:59 (50323 turns).

freelancePsychic the Sorcerer (DjCA)               Turns: 50323, Time: 01:54:00

Health: 211/211    AC: 21    Str: 17    XL:     27
Gold:   6284       EV: 24    Int: 38    God:    Ignis [*****.] SH: 15 Dex: 15

rFire   + + +      SeeInvis +    D - staff of conjuration
rCold   . . .      Faith    .    t - +2 kite shield of Imperfection {rN+ rCorr}
rNeg    + + .      Spirit   .    G - +4 troll leather armour
rPois   ∞          Reflect  .    i - +1 helmet of Miracles {rPois Will- Int+5}
rElec   +          Harm     .    E - +1 cloak of Starlight {*Dazzle EV+4 Stlth--}
rCorr   +          Rampage  .    n - +2 pair of gloves {Dex+3}
Will    ++...                    (boots unavailable)
Stlth   +.........               g - amulet of Tomorrow {Regen+ Slay+2 SInv}
HPRegen 2.15/turn                Q - ring of Qutiv {rElec Int+6}
MPRegen 0.00/turn                F - ring of the King {rC+ rN+ rCorr Str+4 Slay+4}

@: flying, studying 5 skills
A: sickness immunity, fire resistance 2, cold vulnerability 1, float, innate
caster, HP casting, extra vitality 1, fangs 2, strong-willed 1
0: Orb of Zot
}: 5/15 runes: decaying, slimy, silver, abyssal, gossamer
a: Renounce Religion, Fiery Armour, Foxfire Swarm, Rising Flame


You escaped.
You worshipped Ignis.
Ignis was extremely pleased with you.
You visited 11 branches of the dungeon, and saw 53 of its levels.
You visited the Abyss 2 times.
You visited 2 bazaars.
You also visited: Trove, Gauntlet, Ice Cave and Wizlab.

You collected 7856 gold pieces.
You spent 1572 gold pieces at shops.

Inventory:

Hand Weapons
 X - the +11 flail of Gravity {vorpal, rPois rC- Int+10 Dex+4}
   (You took it off a minotaur in a Gauntlet)

   It inflicts extra damage upon your enemies.
   Int:       It affects your intelligence (+10).
   Dex:       It affects your dexterity (+4).
   rC:        It makes you vulnerable to cold.
   rPois:     It protects you from poison.
Armour
 h - a +2 cloak of preservation
 i - the +1 helmet of Miracles (worn) {rPois Will- Int+5}
   (You acquired it on level 10 of the Dungeon)

   Int:       It affects your intelligence (+5).
   rPois:     It protects you from poison.
   Will:      It decreases your willpower.
 k - the +12 chain mail of Darkness {Will+ Regen+ rCorr}
   (You bought it in a shop in a bazaar)

   Regen:     It increases your rate of health regeneration.
   rCorr:     It protects you from acid and corrosion.
   Will:      It increases your willpower.
 n - a +2 pair of gloves of dexterity (worn)
 t - the +2 kite shield of Imperfection (worn) {rN+ rCorr}
   (You acquired it on level 10 of the Dungeon)

   rN:        It protects you from negative energy.
   rCorr:     It protects you from acid and corrosion.
 E - the +1 cloak of Starlight (worn) {*Dazzle EV+4 Stlth--}
   (You found it in a wizard's laboratory)

   It may blind those who miss an attack against the wearer in melee combat.
   EV:        It affects your evasion (+4).
   Stlth:     It makes you much less stealthy.
 G - a +4 troll leather armour (worn)
Magical Staves
 a - a staff of cold
 D - a staff of conjuration (weapon)
 O - a staff of air
Jewellery
 c - a +6 ring of intelligence
 f - a ring of protection from cold
 g - the amulet of Tomorrow (around neck) {Regen+ Slay+2 SInv}
   (You found it on level 2 of the Depths)

   [amulet of regeneration]

   Slay:      It affects your accuracy & damage with ranged weapons and melee
   (+2).
   SInv:      It lets you see invisible.
   Regen:     It increases your rate of health regeneration.
 w - the amulet of Liypt {Acrobat *Corrode Regen+ Stlth+}
   (You found it on level 5 of the Pits of Slime)

   [amulet of the acrobat]

   It increases your evasion while moving and waiting.
   Regen:     It increases your rate of health regeneration.
   *Corrode:  It may corrode you when you take damage.
   Stlth:     It makes you more stealthy.
 F - the ring of the King (right hand) {rC+ rN+ rCorr Str+4 Slay+4}
   (You took it off a reaper in an ice cave)

   [ring of protection from cold]

   Str:       It affects your strength (+4).
   Slay:      It affects your accuracy & damage with ranged weapons and melee
   (+4).
   rC:        It protects you from cold.
   rN:        It protects you from negative energy.
   rCorr:     It protects you from acid and corrosion.
 L - a ring of resist corrosion
 N - a ring of wizardry
 Q - the ring of Qutiv (left hand) {rElec Int+6}
   (You found it on level 5 of the Pits of Slime)

   [ring of intelligence]

   Int:       It affects your intelligence (+6).
   rElec:     It insulates you from electricity.
 T - the amulet "Linei" {Acrobat Int+4 Dex+5}
   (You found it on level 5 of the Pits of Slime)

   [amulet of the acrobat]

   It increases your evasion while moving and waiting.
   Int:       It affects your intelligence (+4).
   Dex:       It affects your dexterity (+5).
 U - a ring of ice
 V - the ring of Equilibrium {rElec rC- Will+ Dex+6}
   (You found it on level 5 of the Pits of Slime)

   [ring of willpower]

   Dex:       It affects your dexterity (+6).
   rC:        It makes you vulnerable to cold.
   rElec:     It insulates you from electricity.
   Will:      It increases your willpower.
 W - a ring of willpower
Wands
 q - a wand of digging (4)
 s - a wand of roots (52)
 v - a wand of flame (116)
 J - a wand of light (40)
 R - a wand of mindburst (43)
Scrolls
 d - 3 scrolls of magic mapping
 e - 4 scrolls of immolation
 x - 5 scrolls of torment
 y - 14 scrolls of teleportation {@r4}
 H - 10 scrolls of blinking
 K - 4 scrolls of summoning
 M - 3 scrolls of enchant armour
 P - 8 scrolls of poison
 S - 13 scrolls of fog
 Y - a scroll of silence
Potions
 b - 14 potions of ambrosia
 j - 5 potions of invisibility
 l - 5 potions of cancellation
 m - 5 potions of curing {@q1}
 o - 8 potions of lignification
 p - 6 potions of resistance
 r - 2 potions of brilliance
 u - 4 potions of might
 A - 11 potions of mutation
 B - 5 potions of berserk rage
 C - 16 potions of attraction
 I - 2 potions of haste {@q3}
Miscellaneous
 Z - a box of beasts


   Skills:
 - Level 21.9 Fighting
 - Level 21.8 Armour
 - Level 16.8 Dodging
 - Level 7.4 Stealth
 - Level 15.0 Shields
 - Level 3.0 Unarmed Combat
 + Level 25.8 Spellcasting


You had 3 spell levels left.
You knew the following spells:

 Your Spells              Type           Power      Damage    Failure   Level
a - Orb of Destruction    Conj           76%        9d17      0%          7
b - Shatter               Erth           64%        3d47*     1%          9
c - Iron Shot             Conj/Erth      76%        9d14      0%          6
d - Lehudib's Crystal Sp  Conj/Erth      76%        10d17     1%          8
e - Arcjolt               Conj/Air       76%        1d86      0%          5
f - Stone Arrow           Conj/Erth      100%       3d13      0%          3
g - Yara's Violent Unrav  Hex/Tmut       64%        3d24      0%          5
h - Scorch                Fire           100%       2d10      0%          2
i - Sting                 Tmut/Pois      100%       1d8       0%          1
j - Spellforged Servitor  Conj/Summ      76%        N/A       0%          7
k - Confusing Touch       Hex            100%       N/A       0%          3
l - Dragon's Call         Summ           64%        N/A       1%          9
m - Ozocubu's Refrigerat  Ice            64%        4d21      0%          7
z - Momentum Strike       Conj/Tloc      100%       3d10      0%          2
Your spell library was empty.

Dungeon Overview and Level Annotations

Branches:
Dungeon (15/15)            Temple (1/1) D:4            Lair (5/5) D:10
  Swamp (4/4) Lair:2       Spider (4/4) Lair:3        Slime (5/5) Lair:5
    Orc (2/2) D:12            Elf (3/3) Orc:2        Vaults (5/5) D:14
  Crypt (0/3) Vaults:3     Depths (4/4) D:15            Zot (5/5) Depths:4
  IceCv (visited)          WizLab (visited)         Gauntlet (visited)

Altars:
Ashenzari
Cheibriados
Dithmenos
Elyvilon
Fedhas
Gozag
Hepliaklqana
Makhleb
Nemelex Xobeh
Okawaru
Qazlal
Ru
Trog
Uskayaw
Wu Jian
Xom
Yredelemnul
Zin
The Shining One

Shops:
D:2 (   Orc:2 (!:!   Elf:3 *   Vaults:3 *   Vaults:4 (=

Portals:
Hell: Depths:1 Depths:2 Depths:3 Depths:4
Abyss: Depths:3
Pandemonium: Depths:2 Depths:3
Ziggurat: Depths:3

Annotations:
Swamp:2 Roxanne
Elf:2 3 runed translucent doors
Depths:1 1 runed translucent door
Zot:2 1 runed translucent door


Innate Abilities, Weirdness & Mutations

You are immune to sickness and miasma.
You are immune to poison.
Your flesh is very heat resistant. (rF++)
You are vulnerable to cold. (rC-)
You float through the air rather than walking.
You learn spells naturally, not from books.
Your magical power is your life essence.
You have superior vitality. (+4 MHP)
You have extremely sharp teeth.
You are strong-willed. (Will+)


Message History

(V) Vaults (C) Crypt (U) Depths (H) Hell (Z) Zot
Where to? (Enter - D:1 @ (x,y), ? - help)
You fly upwards.
There is a stone staircase leading down here.
You see here a +0 long sword.
There is a stone staircase leading up here.
You fly upwards.
There is a stone staircase leading down, spattered with blood here.
Things that are here:
a +0 ring mail; a +0 short sword; an orc skeleton
Things that are here:
a wyvern skeleton; a bullfrog skeleton
There is an open door here.
HP restored.
There is a stone staircase leading up here.
You fly upwards.
There is a stone staircase leading down here.
There is a stone staircase leading up here.
You fly upwards.
There is a stone staircase leading down here.
A profane servitor comes into view.
It is wielding a +2 demon whip of flaming.
There is a stone staircase leading up here.
You fly upwards.
There is a stone staircase leading down here.
(D) Dungeon (T) Temple (L) Lair (S) Swamp (N) Spider Nest (M) Slime Pits (O) Orcish Mines (E) Elven Halls (V) Vaults (C) Crypt (U) Depths (H) Hell (Z) Zot
Where to? (Enter - D:1 @ (x,y), ? - help)
There is a stone staircase leading up here.
You fly upwards.
There is a stone staircase leading down here.
There is a stone staircase leading up here.
You fly upwards.
There is a stone staircase leading down here.
There is a broken door here.
There is an open door here.
There is a staircase leading out of the dungeon here.
You have escaped!

..# ####################.# ##...
#.# ##................##.# #....
#.# ##.####+#########.##.# #.###
#.# ##.#......).....#.##.# #.# #
#.# ##.'.#####'####.#.##.# #.###
#.# ##.#.#........#.#.##.###....
#.# ##.#.#.######.#.#.#.......>.
#.#####.#.#.#....#.#.#.######.###
#.##..#.#.#.#.#.@#.#.#.## #....
#.##.##.#.+.#.#.##.#.#.## #.###
..##.##.#.#.#......#.#.######.#
####.##.#.#.########.#.#......#
####.##.#.#..........#.#.####.##
.....##.#.############.#.# #..#
.######.#..............#.# ##.#
.# ##.################.# #.# .#
##..................# ###.##


There were no monsters in sight!

Vanquished Creatures
  the Royal Jelly (Slime:5)
  3 dread liches (Vaults:5)
  10 orbs of fire
  2 ancient liches (Zot:5)
  The ghost of Gehih the Hoplite, a veteran MiBe of Trog (Zot:1)
  A curse toe (Zot:5)
  7 Killer Klowns
  A caustic shrike (Depths:1)
  9 golden dragons
  A bone dragon (Abyss:2)
  3 electric golems
  Mlioglotl (Swamp:4)
  A shard shrike skeleton (Abyss:4)
  21 tentacled monstrosities
  2 deep elf blademasters (Elf:3)
  A Hell Sentinel (Zot:5)
  8 liches
  22 Orb Guardians
  15 acid blobs
  4 titans
  5 quicksilver dragons
  2 deep elf master archers (Elf:3)
  An ancient champion (Vaults:3)
  7 sphinxes
  10 shadow dragons
  3 tentacled starspawn
  5 tengu reavers
  7 death cobs
  2 thorn hunters
  An eldritch tentacle (WizLab)
  Kirke (D:13)
  4 draconian monks
  16 storm dragons
  4 rockslimes
  8 azure jellies
  A fenstrider witch (shapeshifter) (Vaults:5)
  Donald (Swamp:4)
  4 draconian knights
  2 draconian scorchers
  3 fenstrider witches (Swamp:4)
  11 frost giants
  7 fire giants
  5 deep elf sorcerers
  Aizul (Swamp:3)
  8 ghost moths
  23 vault wardens
  6 emperor scorpions
  A cacodemon (Abyss:3)
  A balrug (Abyss:2)
  2 orc warlords
  A curse skull (Vaults:3)
  5 draconian annihilators
  3 ghouls (Swamp:4)
  6 draconian shifters
  A caustic shrike zombie (Abyss:4)
  5 angels
  3 draconian stormcallers
  5 deep elf elementalists
  22 ironbound preservers
  A juggernaut skeleton (Depths:2)
  A spriggan defender (Depths:2)
  3 reapers (IceCv)
  6 war gargoyles
  A broodmother (Spider:4)
  4 ironbound thunderhulks
  28 very ugly things
  16 green draconians
  12 stone giants
  14 quicksilver oozes
  6 deep elf annihilators (Elf:3)
  3 eleionomae
  Nessos (Lair:5)
  3 vampire knights
  11 black draconians
  A lorocyproca (Depths:3)
  8 deep elf demonologists
  4 dire elephants
  9 white draconians
  5 bunyips
  8 yellow draconians
  A minotaur (Gauntlet)
  12 purple draconians
  8 red draconians
  15 spark wasps
  9 deep elf death magi
  An eidolon (Abyss:2)
  A blizzard demon (Swamp:4)
  2 merfolk javelineers (Abyss:4)
  3 green deaths
  6 ettins
  4 deep elf high priests
  6 crystal guardians
  8 jiangshi
  6 entropy weavers
  2 shambling mangroves (Swamp:4)
  24 yaktaur captains
  8 great orbs of eyes
  An ettin (shapeshifter) (Depths:3)
  9 hydras
  3 rakshasas
  Erolcha (Orc:2)
  36 vault guards
  4 ogre magi
  A spriggan skeleton (Abyss:4)
  2 ghost crabs
  4 peacekeepers
  3 catoblepae
  2 jorogumos
  10 ironbound frosthearts
  8 centaur warriors
  4 spriggan air magi
  Erica (Lair:1)
  10 ice dragons
  9 two-headed ogres
  10 dancing weapons
  7 alligators
  2 death knights
  4 radroaches
  7 boulder beetles
  A death scarab (Gauntlet)
  7 death yaks (Lair:5)
  5 tengu warriors
  7 deep troll earth magi
  12 deep troll shamans
  2 orc high priests
  10 hell knights (Depths:1)
  4 vampire magi
  4 thrashing horrors
  5 spriggan berserkers
  3 sun demons
  Nergalle (Orc:2)
  4 soul eaters
  4 wretched stars
  Amaemon (D:9)
  8 deep elf knights
  15 iron trolls
  3 sixfirhies
  A spark wasp zombie (Depths:2)
  2 pharaoh ants
  A shadow wraith (Vaults:5)
  5 goliath frogs
  4 steelbarb worms
  A sea snake (shapeshifter) (Vaults:5)
  A storm dragon skeleton (Vaults:4)
  A skeletal warrior (D:14)
  46 deep trolls
  3 swamp dragons
  A steelbarb worm (shapeshifter) (Vaults:5)
  A sun moth (Spider:4)
  3 spriggan druids (Swamp:4)
  9 orb spiders
  7 glowing orange brains
  7 starcursed masses
  2 flayed ghosts
  9 deep elf archers
  Pikel (D:8)
  5 spriggan simulacra (IceCv)
  6 lindwurms
  2 spectral wolf spiders (Spider:3)
  4 bog bodies
  7 wizards
  6 phantasmal warriors
  An orange crystal statue (Depths:2)
  2 orc knights
  18 deep elf pyromancers
  22 deep elf zephyrmancers
  5 necromancers
  17 ironbound convokers
  2 obsidian statues
  An iron dragon zombie (Depths:3)
  4 wolf spider zombies (Spider:3)
  48 ugly things
  15 wolf spiders
  A harpy (Vaults:1)
  A tengu skeleton (Vaults:3)
  5 will-o-the-wisps
  A worldbinder (Abyss:4)
  A shadow dragon skeleton (Depths:3)
  12 orc sorcerers
  3 shining eyes
  26 moths of wrath
  6 cyclopes
  5 manticores
  A stone giant skeleton (Vaults:3)
  A frost giant skeleton (Depths:3)
  5 elephants
  2 human skeletons
  2 guardian serpents
  An eye of devastation (Slime:5)
  16 vault sentinels
  2 apocalypse crabs (Abyss:4)
  A water nymph (shapeshifter) (Elf:2)
  4 black mambas (Lair:5)
  A gargoyle (D:10)
  Joseph (D:8)
  A torpor snail (shapeshifter) (Depths:1)
  5 cane toads
  Maggie (Lair:2)
  7 large abominations
  13 orange demons
  6 torpor snails
  An efreet (D:10)
  6 rime drakes
  17 komodo dragons
  8 freezing wraiths
  3 unseen horrors
  13 demonic crawlers
  A tormentor (Abyss:2)
  54 yaktaurs
  6 tengu conjurers
  3 ice devils
  2 hellwings
  5 trolls
  2 ancient zymes
  13 hornets
  2 polar bears (Lair:5)
  A harpy skeleton (Abyss:2)
  7 tyrant leeches
  31 tarantellas
  17 blink frogs
  2 iron dragon simulacra
  4 raiju (Abyss:2)
  6 wolf spider simulacra (Spider:3)
  11 dream sheep
  91 slime creatures
  A deep troll zombie (Vaults:4)
  A spectral black mamba (Gauntlet)
  An air elemental (Elf:2)
  An elf skeleton (Vaults:3)
  19 jumping spiders
  19 culicivoras
  An ettin skeleton (Vaults:4)
  2 centaur simulacra (D:14)
  5 shadows
  7 spriggans
  2 ynoxinuls
  A spriggan (shapeshifter) (Elf:1)
  A fire elemental (Elf:3)
  6 wyverns
  2 fire bats (Lair:3)
  2 vampires (D:10)
  6 hogs (D:13)
  41 yaks
  Grum (D:8)
  2 dire elephant simulacra (IceCv)
  A hog (shapeshifter) (D:13)
  4 wraiths
  A fire bat (shapeshifter) (Vaults:5)
  2 golden eyes (Slime:5)
  8 water elementals
  12 vampire mosquitoes
  4 basilisks
  4 chaos spawn
  47 redbacks
  A human (shapeshifter) (Vaults:5)
  2 neqoxecs (Abyss:2)
  4 steam dragons
  A spatial vortex (WizLab)
  4 minotaur simulacra (IceCv)
  A hydra simulacrum (IceCv)
  2 swamp worms (shapeshifter)
  8 swamp worms
  7 wargs
  2 acid dragons
  2 floating eyes
  11 water moccasins
  A glowing shapeshifter skeleton (Depths:2)
  4 small abominations (Abyss:2)
  A floating eye (shapeshifter) (Depths:3)
  A swamp drake (D:12)
  A sky beast (D:7)
  2 black bears
  19 orc warriors
  5 alligator simulacra (IceCv)
  An ogre (Orc:1)
  4 boggarts
  11 centaurs
  22 wolves
  2 lemures (D:8)
  7 kobold brigands
  2 human zombies
  14 bullfrogs
  A gnoll sergeant (D:10)
  10 scorpions
  4 deep troll simulacra (IceCv)
  3 necrophages
  6 earth elementals
  19 wights
  7 killer bees
  6 howler monkeys
  An electric eel (Lair:4)
  A quasit (Abyss:2)
  A hound (D:6)
  An iron imp (Abyss:4)
  9 jellies
  10 orc priests
  Crazy Yiuf (D:3)
  An iguana (shapeshifter) (Vaults:5)
  4 iguanas
  28 orc wizards
  3 gnolls (D:10)
  6 adders
  A shadow imp (D:7)
  4 white imps
  3 ufetubi
  A worm (D:2)
  4 dart slugs
  64 orcs
  5 ball pythons
  7 bats
  19 endoplasms
  5 giant cockroaches
  6 goblins
  11 hobgoblins
  5 jackals
  39 kobolds
  6 quokkas
  2 frilled lizards
  5 rats
  13 briar patches (Swamp:3)
  3 butterflies (Zot:1)
  A lurking horror (Abyss:4)
  3 pillars of salt (Zot:1)
  2 plants
  3 starspawn tentacles
2199 creatures vanquished.

Vanquished Creatures (collateral kills)
  A death cob (Zot:1)
  A black draconian (Zot:1)
  A yellow draconian (Zot:1)
  A spark wasp (Spider:4)
  A pharaoh ant (Spider:3)
  An orb spider (Spider:4)
  A steelbarb worm (Spider:4)
  2 wolf spiders (Spider:4)
  6 redbacks
15 creatures vanquished.

Vanquished Creatures (others)
  A quicksilver dragon (Zot:2)
  A wizard (Vaults:4)
  A large abomination (Abyss:4)
  A raiju (Abyss:4)
  An orc wizard (D:10)
  10 foxfires
  23 fungi
  66 plants
  5 starspawn tentacles
  12 toadstools (D:4)
  3 withered plants (D:9)
124 creatures vanquished.

Grand Total: 2338 creatures vanquished

Notes
Turn   | Place    | Note
-------+----------+-------------------------------------------
     0 | D:1      | freelancePsychic the Djinni Cinder Acolyte began the quest
                  | for the Orb.
     0 | D:1      | freelancePsychic set off with the following spells
                  | memorised: Scorch.
     0 | D:1      | Reached XP level 1. HP: 20/20 MP: 0/0
   197 | D:1      | Reached XP level 2. HP: 25/25 MP: 0/0
   436 | D:1      | Reached XP level 3. HP: 20/30 MP: 0/0
   436 | D:1      | Learned a level 1 spell: Sting
   438 | D:1      | Reached skill level 3 in Spellcasting
   708 | D:1      | You are sucked into a shaft and drop 1 floor!
  1069 | D:2      | Reached XP level 4. HP: 27/35 MP: 0/0
  1236 | D:2      | Found Weeduag's Weapon Shoppe.
  1358 | D:2      | Found a faded altar of an unknown god.
  1788 | D:3      | Reached XP level 5. HP: 34/41 MP: 0/0
  1788 | D:3      | Learned a level 2 spell: Momentum Strike
  2093 | D:3      | Found a burning altar of Makhleb.
  2428 | D:3      | Found a runed translucent door.
  2429 | D:3      | Noticed Crazy Yiuf
  2435 | D:3      | Killed Crazy Yiuf
  2436 | D:3      | Reached skill level 4 in Spellcasting
  3092 | D:4      | Reached XP level 6. HP: 25/48 MP: 0/0
  3524 | D:4      | Reached XP level 7. HP: 45/53 MP: 0/0
  3524 | D:4      | Learned a level 3 spell: Confusing Touch
  3565 | D:4      | Reached skill level 5 in Spellcasting
  3577 | D:4      | Found a staircase to the Ecumenical Temple.
  3645 | D:4      | Reached skill level 5 in Fighting
  4013 | D:5      | Entered Level 5 of the Dungeon
  4377 | D:5      | Found a hazy altar of Hepliaklqana.
  4393 | D:5      | Reached XP level 8. HP: 54/60 MP: 0/0
  4673 | D:6      | Found a broken altar of Ashenzari.
  4728 | D:6      | Reached skill level 6 in Spellcasting
  5273 | D:6      | Found a basalt altar of Yredelemnul.
  5306 | D:6      | Found a hide-covered altar of Uskayaw.
  5438 | Temple   | Entered the Ecumenical Temple
  5928 | D:7      | Reached skill level 7 in Spellcasting
  5929 | D:7      | Noticed a wyvern
  5935 | D:6      | Reached XP level 9. HP: 17/67 MP: 0/0
  5935 | D:6      | Learned a level 3 spell: Stone Arrow
  6310 | D:7      | Found a bloodstained altar of Trog.
  6319 | D:7      | Reached skill level 1 in Shields
  6548 | D:7      | Reached skill level 8 in Spellcasting
  6678 | D:7      | Identified the +0 leather armour "Nunaorer" {rC+ Int+7}
  7044 | D:7      | Identified the +5 quarterstaff of Pifudank {elec, rPois
                  | Will+ rCorr Str+6}
  7085 | D:8      | Identified the +2 spear "Ukamuff" {vamp, Dex+2 Stlth+}
  7161 | D:8      | Reached XP level 10. HP: 67/76 MP: 0/0
  7295 | D:8      | Found a snail-covered altar of Cheibriados.
  7398 | D:8      | Noticed Grum
  7411 | D:8      | Killed Grum
  7532 | D:8      | Found a glowing silver altar of Zin.
  7827 | D:8      | Reached skill level 9 in Spellcasting
  8194 | D:8      | Noticed Joseph
  8208 | D:8      | Killed Joseph
  8411 | D:9      | Noticed Pikel
  8426 | D:8      | Killed Pikel
  9058 | D:9      | Reached skill level 5 in Shields
  9073 | D:9      | Reached XP level 11. HP: 52/84 MP: 0/0
  9073 | D:9      | Learned a level 5 spell: Arcjolt
  9518 | D:9      | Noticed Amaemon
  9533 | D:9      | Reached skill level 10 in Spellcasting
  9534 | D:9      | Killed Amaemon
 10126 | D:10     | Entered Level 10 of the Dungeon
 10251 | D:10     | Noticed a green ugly thing
 10259 | D:10     | Killed a green ugly thing
 10260 | D:10     | Noticed a five-headed hydra
 10737 | D:10     | Killed a five-headed hydra
 10895 | D:10     | Noticed a two-headed ogre
 10900 | D:10     | Killed a two-headed ogre
 10901 | D:10     | Reached skill level 10 in Fighting
 11225 | D:10     | Found a staircase to the Lair.
 11227 | D:10     | Reached XP level 12. HP: 75/91 MP: 0/0
 11329 | D:10     | Identified 2 scrolls of acquirement
 11332 | D:10     | Acquired the +2 kite shield of Imperfection {rN+ rCorr}
 11344 | D:10     | Acquired a manual of Stealth
 11411 | D:10     | Reached skill level 11 in Spellcasting
 11416 | D:10     | Acquired the +1 helmet of Miracles {rPois Will- Int+5}
 11468 | D:10     | Reached skill level 1 in Stealth
 13345 | D:12     | Noticed a two-headed ogre
 13349 | D:12     | Killed a two-headed ogre
 13354 | D:12     | Found a flickering gateway to a bazaar.
 13359 | Bazaar   | Entered a bazaar
 13359 | Bazaar   | Found Noxkixor's Book Shoppe.
 13359 | Bazaar   | Found Osee's Weapon Emporium.
 13361 | Bazaar   | Found Viphy's General Store.
 13377 | Bazaar   | Found Pibidd's Distillery.
 13401 | Bazaar   | Bought a +2 cloak of preservation for 215 gold pieces
 13401 | Bazaar   | Bought a scroll of magic mapping for 75 gold pieces
 13426 | Bazaar   | Bought a potion of heal wounds for 65 gold pieces
 13426 | Bazaar   | Bought 2 potions of curing for 78 gold pieces
 13426 | Bazaar   | Bought a potion of brilliance for 52 gold pieces
 13903 | D:12     | Found a staircase to the Orcish Mines.
 13991 | D:12     | Reached skill level 5 in Stealth
 14439 | Lair:1   | Entered Level 1 of the Lair of Beasts
 14517 | Lair:1   | Reached skill level 12 in Spellcasting
 14739 | Lair:1   | Reached XP level 13. HP: 74/99 MP: 0/0
 14739 | Lair:1   | Learned a level 5 spell: Yara's Violent Unravelling
 14934 | Lair:1   | Noticed Erica
 14941 | Lair:1   | Killed Erica
 15353 | Lair:2   | Found a staircase to the Swamp.
 15428 | Lair:2   | Found a gate leading to a gauntlet.
 15431 | Lair:2   | Noticed a seven-headed hydra
 15448 | Gauntlet | Entered a Gauntlet
 15448 | Gauntlet | Found a transporter.
 15448 | Gauntlet | Found a transporter.
 15448 | Gauntlet | Found a runed translucent door.
 15448 | Gauntlet | Found a runed translucent door.
 15478 | Gauntlet | Found a transporter.
 15482 | Gauntlet | Found a transporter.
 15494 | Gauntlet | Found a transporter.
 15495 | Gauntlet | Found a transporter.
 15505 | Gauntlet | Found a transporter.
 15511 | Gauntlet | Noticed an eight-headed hydra
 15516 | Gauntlet | Found the +3 Mad Mage's Maulers {Infuse+∞ RegenMP Int-3}
 15517 | Gauntlet | Found a runed translucent gate.
 15518 | Gauntlet | Found a transporter.
 15518 | Gauntlet | Found a runed translucent gate.
 15519 | Gauntlet | Found a runed translucent gate.
 15532 | Gauntlet | Found a transporter.
 15536 | Gauntlet | Found a transporter.
 15544 | Gauntlet | Found a transporter.
 15548 | Gauntlet | Found a transporter.
 15626 | Gauntlet | Reached skill level 1 in Dodging
 15666 | Gauntlet | Killed an eight-headed hydra
 15679 | Gauntlet | Identified the +0 cloak of Cynicism {Will+}
 15779 | Gauntlet | Identified the +11 flail of Gravity {vorpal, rPois rC-
                  | Int+10 Dex+4}
 15779 | Gauntlet | Noticed a minotaur
 15787 | Gauntlet | Killed a minotaur
 15807 | Lair:2   | Killed a seven-headed hydra
 15977 | Lair:2   | Noticed Maggie
 15984 | Lair:2   | Killed Maggie
 16065 | Lair:2   | Noticed a catoblepas
 16075 | Lair:2   | Killed a catoblepas
 16206 | Lair:2   | Reached skill level 13 in Spellcasting
 16680 | Lair:3   | Identified the +0 ring mail of Jotiug {rF- rC++ SInv
                  | Stlth+}
 16831 | Lair:3   | Identified the +1 scale mail of Sixo {Rampage rPois Str+3}
 16880 | Lair:3   | Reached XP level 14. HP: 103/107 MP: 0/0
 17003 | Lair:3   | Found a hole to the Spider Nest.
 18303 | Lair:5   | Entered Level 5 of the Lair of Beasts
 18311 | Lair:5   | Reached skill level 5 in Dodging
 18507 | Lair:5   | Found a runed translucent door.
 18508 | Lair:5   | Found a staircase to the Slime Pits.
 18744 | Lair:5   | Noticed Nessos
 18746 | Lair:5   | Noticed a dire elephant
 18749 | Lair:5   | Killed Nessos
 18863 | Lair:5   | Killed a dire elephant
 18864 | Lair:5   | Reached skill level 14 in Spellcasting
 18961 | Lair:5   | Reached XP level 15. HP: 66/114 MP: 0/0
 18961 | Lair:5   | Learned a level 6 spell: Iron Shot
 19814 | D:13     | Noticed Kirke
 19819 | D:13     | Killed Kirke
 19852 | D:13     | Reached skill level 10 in Shields
 20856 | D:14     | Found a gate to the Vaults.
 20997 | D:15     | Entered Level 15 of the Dungeon
 21142 | D:15     | Reached XP level 16. HP: 103/123 MP: 0/0
 21539 | D:15     | Found a staircase to the Depths.
 21609 | D:15     | Reached skill level 15 in Spellcasting
 21621 | D:15     | Reached skill level 10 in Dodging
 21688 | D:15     | Identified the +4 flail of the Pillar {vamp, *Slow rPois
                  | rCorr Int+6}
 21816 | Orc:1    | Entered Level 1 of the Orcish Mines
 21985 | Orc:1    | Paralysed by an orc sorcerer for 4 turns
 22183 | Orc:2    | Entered Level 2 of the Orcish Mines
 22244 | Orc:2    | Reached skill level 15 in Fighting
 22289 | Orc:2    | Found a staircase to the Elven Halls.
 22507 | Orc:2    | Noticed Erolcha
 22581 | Orc:2    | Reached skill level 1 in Armour
 22587 | Orc:2    | Killed Erolcha
 22640 | Orc:2    | Noticed Nergalle
 22649 | Orc:2    | Killed Nergalle
 22651 | Orc:2    | Found Vatrazoebb's Book Emporium.
 22728 | Orc:2    | Found Zicies's Distillery.
 22755 | Orc:2    | Found Riharhev's Antique Weapon Shoppe.
 22802 | Orc:2    | Found Ikan's Distillery.
 22810 | Orc:2    | Bought a potion of haste for 100 gold pieces
 22810 | Orc:2    | Bought a potion of curing for 30 gold pieces
 22810 | Orc:2    | Bought a potion of brilliance for 40 gold pieces
 22997 | Orc:2    | Bought a potion of heal wounds for 65 gold pieces
 22997 | Orc:2    | Bought a potion of curing for 39 gold pieces
 22997 | Orc:2    | Bought a potion of curing for 39 gold pieces
 22997 | Orc:2    | Bought a potion of resistance for 130 gold pieces
 22997 | Orc:2    | Bought a potion of brilliance for 52 gold pieces
 23178 | Swamp:1  | Entered Level 1 of the Swamp
 23645 | Swamp:2  | Noticed Roxanne
 23883 | Swamp:2  | Identified the +0 pair of boots "Imitu" {+Blink Regen+
                  | rCorr Stlth-}
 24373 | Swamp:3  | Noticed Aizul
 24385 | Swamp:3  | Reached XP level 17. HP: 86/131 MP: 0/0
 24385 | Swamp:3  | Learned a level 7 spell: Ozocubu's Refrigeration
 24391 | Swamp:3  | Killed Aizul
 24466 | Swamp:3  | Noticed a thorn hunter
 24471 | Swamp:3  | Killed a thorn hunter
 24493 | Swamp:3  | Reached skill level 5 in Armour
 24860 | Swamp:4  | Entered Level 4 of the Swamp
 25149 | Swamp:4  | Noticed Donald
 25149 | Swamp:4  | Noticed Mlioglotl
 25207 | Swamp:4  | Killed Mlioglotl
 25208 | Swamp:4  | Killed Donald
 25684 | Swamp:4  | Noticed a thorn hunter
 25688 | Swamp:4  | Killed a thorn hunter
 25712 | Swamp:4  | Got a decaying rune of Zot
 25719 | Swamp:4  | Reached skill level 16 in Spellcasting
 25805 | Swamp:4  | Reached XP level 18. HP: 131/140 MP: 0/0
 25949 | Spider:1 | Entered Level 1 of the Spider Nest
 26122 | Spider:1 | Reached skill level 10 in Armour
 26723 | Spider:2 | Found a frozen archway.
 26791 | IceCv    | Entered an ice cave
 27032 | IceCv    | Identified the ring of the King {rC+ rN+ rCorr Str+4
                  | Slay+4}
 28177 | Spider:3 | Reached XP level 19. HP: 91/148 MP: 0/0
 28177 | Spider:3 | Learned a level 7 spell: Spellforged Servitor
 28829 | Spider:4 | Entered Level 4 of the Spider Nest
 28937 | Spider:4 | Acquired 1024 gold pieces
 29515 | Spider:4 | Identified the +1 hat of Gasefi {Dex+2}
 29646 | Spider:4 | Got a gossamer rune of Zot
 29670 | Spider:4 | Identified the +1 pair of boots of Intuition {Rampage rPois
                  | rF+ Will+}
 29954 | Elf:1    | Entered Level 1 of the Elven Halls
 30331 | Elf:1    | Reached skill level 17 in Spellcasting
 30932 | Elf:2    | Reached XP level 20. HP: 147/157 MP: 0/0
 30952 | Elf:2    | Found a flickering gateway to a bazaar.
 30968 | Bazaar   | Entered a bazaar
 30968 | Bazaar   | Found Etzifaurr's Armour Boutique.
 30968 | Bazaar   | Found Oddykar's Antique Armour Shoppe.
 30968 | Bazaar   | Found Afoen's Armour Shop.
 30968 | Bazaar   | Found Peteenet's Armour Shoppe.
 30988 | Bazaar   | Found Tyogapn's Armour Emporium.
 31020 | Bazaar   | Bought the +12 chain mail of Darkness {Will+ Regen+ rCorr}
                  | for 496 gold pieces
 31089 | Elf:2    | Found a runed translucent gate.
 31089 | Elf:2    | Found a runed translucent gate.
 31089 | Elf:2    | Found a runed translucent gate.
 31135 | Elf:2    | Paralysed by an air elemental for 1 turns
 31623 | Elf:3    | Entered Level 3 of the Elven Halls
 31900 | Elf:3    | Found Lowaaw's General Store.
 32148 | Elf:3    | Noticed an Ice Fiend
 32329 | Elf:3    | Identified the +7 war axe of the Histrionic God {vorpal,
                  | Fragile rElec rF+++ Int-5}
 32348 | Elf:3    | Identified the +8 battleaxe "Anor" {vorpal, +Blink}
 32349 | Elf:3    | Noticed a Brimstone Fiend
 32351 | Abyss:2  | Cast into level 2 of the Abyss (a deep elf demonologist)
 32918 | Abyss:2  | Noticed a bone dragon
 32929 | Abyss:2  | Killed a bone dragon
 33003 | Elf:3    | Escaped the Abyss
 33007 | Elf:3    | Identified the +5 ring mail "Semaraq" {+Blink Dex+4}
 33071 | Elf:3    | Reached XP level 21. HP: 70/164 MP: 0/0
 33071 | Elf:3    | Learned a level 7 spell: Orb of Destruction
 33138 | Elf:3    | Identified the +1 short sword "Oprag" {pain, rF+ Str+7}
 33154 | Elf:3    | Identified the +3 great sword "Fyvomidd" {flame, rElec
                  | rCorr}
 33179 | Elf:3    | Found the +11 plutonium sword {Contam Stlth-}
 33190 | Elf:3    | Identified the +0 chain mail "Natremak" {Harm rC- rN+
                  | Slay+5}
 33194 | Elf:3    | Identified the +1 whip of Compassion {spect, rElec Str+4}
 33210 | Elf:3    | Identified the +11 falchion "Oxkitumo" {chaos, *Corrode
                  | Drain rPois Will+++}
 33301 | Elf:3    | Identified the +6 dagger "Routuil" {flame, Str+4}
 33344 | Elf:3    | Identified the ring of the Moon {rElec rCorr Dex+4}
 33792 | Vaults:1 | Entered Level 1 of the Vaults
 33795 | Vaults:1 | Identified the -1 cloak "Zequhaef" {Int+4}
 34257 | Vaults:1 | Reached skill level 18 in Spellcasting
 34633 | Vaults:1 | Reached skill level 15 in Armour
 36273 | Vaults:3 | Reached XP level 22. HP: 136/173 MP: 0/0
 36688 | Vaults:3 | Found Jamij's General Store.
 36696 | Vaults:3 | Bought a potion of brilliance for 48 gold pieces
 36696 | Vaults:3 | Bought a scroll of fog for 48 gold pieces
 37048 | Vaults:3 | Found a staircase to the Crypt.
 37114 | Vaults:3 | Reached skill level 19 in Spellcasting
 37160 | Vaults:3 | You are sucked into a shaft and drop 1 floor!
 37401 | Vaults:4 | Found Kuazec's Jewellery Shoppe.
 38072 | Vaults:4 | Found Weifreta's Antique Weapon Shop.
 38132 | Vaults:4 | Reached XP level 23. HP: 164/180 MP: 0/0
 38132 | Vaults:4 | Learned a level 8 spell: Lehudib's Crystal Spear
 38812 | Depths:1 | Entered Level 1 of the Depths
 39080 | Depths:1 | Found a runed translucent door.
 39092 | Depths:1 | Noticed a caustic shrike
 39126 | Depths:1 | Killed a caustic shrike
 39570 | Depths:1 | Found a gateway to Hell.
 39595 | Depths:1 | You are sucked into a shaft and drop 1 floor!
 39717 | Depths:2 | Found the +6 lightning scales {swift, rElec}
 39797 | Depths:2 | Reached skill level 20 in Spellcasting
 39885 | Depths:2 | Found a portal to a secret trove of treasure.
 39939 | Depths:2 | You paid a toll of 20 potions of curing to enter a treasure
                  | trove
 39940 | Trove    | Entered a treasure trove
 40050 | Depths:2 | Found a one-way gate leading to the halls of Pandemonium.
 40244 | Depths:2 | Identified the amulet of Tomorrow {Regen+ Slay+2 SInv}
 40687 | Depths:2 | Found a runed translucent door.
 40870 | Depths:2 | Found a blossoming altar of Fedhas.
 41004 | Depths:2 | Reached XP level 24. HP: 170/187 MP: 0/0
 41021 | Depths:2 | Identified the +1 great mace of Contention {vorpal, Str+2}
 41106 | Depths:3 | Found a stormy altar of Qazlal.
 41112 | Depths:3 | Found a one-way gateway to a ziggurat.
 41223 | Depths:3 | Found a one-way gate to the infinite horrors of the Abyss.
 41332 | Depths:3 | Found a magical portal.
 41337 | WizLab   | Entered The Roulette of Golubria
 41337 | WizLab   | Found a transporter.
 41340 | WizLab   | Found the +1 cloak of Starlight {*Dazzle EV+4 Stlth--}
 41340 | WizLab   | Found the +2 cloak of the Thief {*Fog Slay-2 SInv Stlth+}
 41340 | WizLab   | Found a corrupted altar of Lugonu.
 41360 | WizLab   | Found a transporter.
 41370 | WizLab   | Found a transporter.
 41416 | WizLab   | Found a transporter.
 41458 | WizLab   | Found a transporter.
 41486 | WizLab   | Found a transporter.
 41486 | WizLab   | Found a transporter.
 41486 | WizLab   | Identified the ring of Relyodgh {Fly rElec rF- SInv}
 41507 | WizLab   | Found a transporter.
 41517 | WizLab   | Identified the +1 cloak of a ziggurat {rElec Dex+3}
 41522 | WizLab   | Identified the +2 cloak of Ashenzari, Shouting {rN+ Dex+4}
 41536 | WizLab   | Found a transporter.
 42153 | Depths:4 | Entered Level 4 of the Depths
 42739 | Depths:4 | Found a gate to the Realm of Zot.
 42739 | Depths:4 | Noticed a golden dragon
 42749 | Depths:4 | Killed a golden dragon
 42940 | Depths:4 | Reached XP level 25. HP: 141/193 MP: 0/0
 42940 | Depths:4 | Learned a level 9 spell: Dragon's Call
 43347 | Slime:1  | Entered Level 1 of the Pits of Slime
 43362 | Slime:1  | Reached skill level 21 in Spellcasting
 43536 | Slime:4  | Gained mutation: You are frail. (-10% HP) [a shining eye]
 43541 | Slime:5  | Entered Level 5 of the Pits of Slime
 43564 | Slime:5  | Noticed the Royal Jelly
 43576 | Slime:5  | Killed the Royal Jelly
 43742 | Slime:5  | Identified the +2 acid dragon scales of the Fiddle {rCorr
                  | Dex+2}
 43744 | Slime:5  | Got a slimy rune of Zot
 43765 | Slime:5  | Identified the amulet of Liypt {Acrobat *Corrode Regen+
                  | Stlth+}
 43774 | Slime:5  | Identified the ring of Qutiv {rElec Int+6}
 43789 | Slime:5  | Identified the +1 crystal plate armour of Joxyso {Rampage
                  | Drain Int+4 Dex+6}
 43801 | Slime:5  | Identified the amulet "Linei" {Acrobat Int+4 Dex+5}
 43822 | Slime:5  | Identified the ring of Equilibrium {rElec rC- Will+ Dex+6}
 44147 | Depths:2 | Found a white marble altar of Elyvilon.
 44196 | Depths:3 | Lost mutation: You are frail. (-10% HP) [potion of
                  | mutation]
 44196 | Depths:3 | Gained mutation: You are strong-willed. (Will+) [potion of
                  | mutation]
 44196 | Depths:3 | Gained mutation: You are clumsy. (Dex -2) [potion of
                  | mutation]
 44196 | Depths:3 | Gained mutation: You have hidden genetic potential. [potion
                  | of mutation]
 44451 | Vaults:5 | Entered Level 5 of the Vaults
 44599 | Vaults:5 | Found the +3 giant club "Skullcrusher" {speed, Str+7}
 44605 | Vaults:5 | Reached skill level 15 in Shields
 44859 | Vaults:5 | Reached skill level 22 in Spellcasting
 44897 | Vaults:5 | Noticed a dread lich
 44907 | Vaults:5 | Killed a dread lich
 45101 | Vaults:5 | Identified the +7 sling "Caid" {drain, rC++ rCorr Str-4
                  | Int+3}
 45107 | Vaults:5 | Reached XP level 26. HP: 124/200 MP: 0/0
 45214 | Vaults:5 | Noticed a dread lich
 45220 | Vaults:5 | Killed a dread lich
 45374 | Vaults:5 | Noticed a dread lich
 45382 | Vaults:5 | Killed a dread lich
 45472 | Vaults:5 | Reached skill level 15 in Dodging
 45564 | Vaults:5 | Identified the +1 robe of Sin {Fly Str+5 Slay-3}
 45670 | Vaults:5 | Found the +3 pair of mountain boots {steadfast, rC+}
 45731 | Vaults:5 | Gained mutation: You have very sharp teeth. [hidden
                  | potential]
 45764 | Vaults:5 | Got a silver rune of Zot
 45907 | Vaults:5 | Identified the +0 leather armour of Ipsamus {Contam Int+8}
 46703 | Depths:3 | Voluntarily entered the Abyss.
 46953 | Abyss:4  | Got an abyssal rune of Zot
 46967 | Depths:3 | Escaped the Abyss
 47032 | Zot:1    | Entered Level 1 of the Realm of Zot
 47052 | Zot:2    | Reached XP level 27. HP: 57/211 MP: 0/0
 47052 | Zot:2    | Learned a level 9 spell: Shatter
 47178 | Zot:2    | Noticed Gehih's ghost (veteran MiBe)
 47666 | Zot:1    | Noticed a Killer Klown
 47673 | Zot:1    | Killed a Killer Klown
 47676 | Zot:1    | Noticed a Killer Klown
 47677 | Zot:1    | Found a shimmering altar of Xom.
 47678 | Zot:1    | Killed a Killer Klown
 47681 | Zot:1    | Gained mutation: You have great hidden genetic potential.
                  | [hidden potential]
 47681 | Zot:1    | Lost mutation: You have great hidden genetic potential.
                  | [hidden potential expressed]
 47709 | Zot:1    | Found a shimmering altar of Xom.
 47713 | Zot:1    | Found a glowing silver altar of Zin.
 47714 | Zot:1    | Found a shimmering altar of Xom.
 47714 | Zot:1    | Found a shimmering altar of Xom.
 47719 | Zot:1    | Found a shimmering altar of Xom.
 47883 | Zot:1    | Reached skill level 23 in Spellcasting
 48112 | Zot:1    | Killed Gehih's ghost
 48336 | Zot:2    | Found a runed translucent gate.
 48336 | Zot:2    | Found a runed translucent gate.
 48336 | Zot:2    | Found a runed translucent gate.
 48339 | Zot:2    | Identified the +1 helmet of Setydgh {Slay+5}
 48539 | Zot:2    | Noticed an orb of fire
 48547 | Zot:2    | Killed an orb of fire
 48918 | Zot:4    | Noticed a Killer Klown
 48923 | Zot:4    | Killed a Killer Klown
 48989 | Zot:4    | Noticed a Killer Klown
 49045 | Zot:4    | Killed a Killer Klown
 49062 | Zot:4    | Noticed an orb of fire
 49065 | Zot:4    | Killed an orb of fire
 49149 | Zot:5    | Entered Level 5 of the Realm of Zot
 49156 | Zot:5    | Reached skill level 24 in Spellcasting
 49391 | Zot:5    | Noticed a Killer Klown
 49397 | Zot:5    | Killed a Killer Klown
 49522 | Zot:5    | Noticed an orb of fire
 49524 | Zot:5    | Killed an orb of fire
 49533 | Zot:5    | Noticed a Killer Klown
 49535 | Zot:5    | Killed a Killer Klown
 49537 | Zot:5    | Lost mutation: You are clumsy. (Dex -2) [hidden potential]
 49538 | Zot:5    | Noticed an orb of fire
 49544 | Zot:5    | Killed an orb of fire
 49556 | Zot:5    | Noticed an orb of fire
 49557 | Zot:5    | Noticed an orb of fire
 49557 | Zot:5    | Noticed an orb of fire
 49557 | Zot:5    | Noticed an ancient lich
 49566 | Zot:5    | Lost mutation: You have hidden genetic potential. [an orb
                  | of fire]
 49567 | Zot:5    | Killed an orb of fire
 49571 | Zot:5    | Killed an orb of fire
 49572 | Zot:5    | Reached skill level 25 in Spellcasting
 49578 | Zot:5    | Killed an orb of fire
 49580 | Zot:5    | Killed an ancient lich
 49686 | Zot:5    | Noticed an orb of fire
 49689 | Zot:5    | Noticed an orb of fire
 49690 | Zot:5    | Killed an orb of fire
 49690 | Zot:5    | Gained mutation: You have extremely sharp teeth. [an orb of
                  | fire]
 49695 | Zot:5    | Killed an orb of fire
 49744 | Zot:5    | Noticed a Killer Klown
 49747 | Zot:5    | Killed a Killer Klown
 49752 | Zot:5    | Noticed an orb of fire
 49760 | Zot:5    | Killed an orb of fire
 49824 | Zot:5    | Got the Orb of Zot
 49859 | Zot:5    | Noticed an ancient lich
 49862 | Zot:5    | Killed an ancient lich
 50323 | D:$      | Escaped with the Orb!

Illustrated notes

Levels and vault maps discovered:
D:1:      zelgadis_glass_arrival_large, layout_loops_ring, minmay_surrounded
D:2:      layout_rooms, serial_shops, nicolae_shop_crystal,
          hellmonk_ecumenical_altar_slurped_away
D:3:      layout_loops_corners, mainiacjoe_overflow_boulevard,
          grunt_decor_mini_mirrors, uniq_crazy_yiuf_cottage
D:4:      cheibrodos_fertilizer, layout_basic, minmay_temple_entry_arrows,
          chequers_avenue
D:5:      layout_rooms, mainiacjoe_overflow_brackets, corexii_hall_statues_t
D:6:      layout_basic, nicolae_overflow_crystal_walls, vehumet_altar_wand_db,
          ashenzari_conservatory_becter, general_overflow_altar,
          serial_park_tiny_1
D:7:      layout_cave_pools, minmay_ruined_shrine
D:8:      layout_gridville, overflow_temple_1_default, kennysheep_slug_shrine,
          uniq_grum, uniq_joseph
D:9:      layout_loops_cross, kiku_gazebo_garden_becter, uniq_pikel,
          uniq_amaemon
D:10:     cheibrodos_fzero, layout_gridville, erik_lair_orcish_takeover,
          minmay_strange_pillars, kennysheep_small_circle
D:11:     layout_basic
D:12:     layout_layer_cave, erik_orc_1, serial_shops, bzr_entry_road
D:13:     layout_long_grid, hangedman_abyss_or_decor_clamps, uniq_kirke
D:14:     layout_roguey, david_vaults_4, minivault_24,
          einodemon_barbed_minivault
D:15:     gammafunk_enter_depths_forms, layout_basic, nrook_mini_backslash,
          minmay_checkered_concentric_circles
Temple:   nicolae_temple_god_jail
Lair:1:   layout_roguey, uniq_erica
Lair:2:   layout_cave_pods, minmay_swamp_entry_swarm, gauntlet_entry_generic,
          grunt_megastairs_2, lemuel_fruit_tree, uniq_maggie
Lair:3:   layout_gridlike, nicolae_spider_entry_orb_guardian,
          nicolae_lair_grove_arrangements
Lair:4:   layout_loops_ring, lookout_lair_type
Lair:5:   hangedman_lair_in_review, layout_gridlike, slime_entry_2, basic_altar,
          st_stairs_9, infiniplex_staircase_pool_2, lemuel_fruit_fields,
          uniq_nessos
Swamp:1:  layout_falls_marsh, hangedman_swamp_ruin_wall
Swamp:2:  layout_falls_marsh, nicolae_swamp_ascending_descending_big,
          swamp_pool2, nicolae_swamp_stuck_in_the_mud, uniq_roxanne
Swamp:3:  layout_falls_marsh, nicolae_swamp_well_well_well, uniq_aizul
Swamp:4:  nzn_swamp_witches_coven, layout_basic_swamp, uniq_donald,
          uniq_mlioglotl
Spider:1: layout_spider_delve
Spider:2: layout_spider_delve, portal_ice_cave_entry_ugly_swarm
Spider:3: layout_spider_delve, nicolae_spider_undead_wolf_pack
Spider:4: guppyfry_spider_rune
Slime:1:  layout_caves
Slime:2:  layout_caves
Slime:3:  layout_caves
Slime:4:  layout_caves
Slime:5
Orc:1:    layout_diamond_mine, basic_altar
Orc:2:    kennysheep_orc_mage_school, layout_caves, basic_altar
Elf:1:    layout_onion_city, minmay_elf_demonology
Elf:2:    elven_hall_of_blades_hangedman_original [mumra_blade_entry_dagger],
          layout_geoelf_grid, serial_shops, bzr_entry_safe, nicolae_elf_v_pinch,
          grunt_ministairs_13
Elf:3:    grunt_elf_hall_diamonds, layout_loops_corners, serial_shops,
          nicolae_square_shop
Vaults:1: v_misc_13, vaults_standard_mumra_lines, hangedman_vaults_trim,
          st_more_cells, hangedman_vaults_trim, hangedman_vaults_trim,
          ontoclasm_vaults_gateway, layout_vaults_omnigrid
Vaults:2: v_misc_2, hangedman_vaults_corner_blocks, ontoclasm_vaults_tryst,
          ontoclasm_vaults_echo, nicolae_vaults_border_crossing, v_misc_12,
          hangedman_vaults_capsules, nicolae_vaults_little_squares_3, v_misc_14,
          ontoclasm_vaults_ring_small, hangedman_vaults_maws,
          layout_vaults_big_room
Vaults:3: minmay_crypt_entry_simple_round, v_misc_26, hangedman_vaults_corner,
          v_pattern_5, nicolae_vaults_diagonal_hallway_8, st_star,
          hangedman_vaults_nails, hangedman_vaults_hat,
          ontoclasm_vaults_ligature, v_rooms_4, nicolae_vaults_little_squares_6,
          v_alt_pattern_1, layout_vaults_omnibox, serial_shops, shop,
          uniq_margery
Vaults:4: nicolae_vaults_angled_halls, nicolae_vaults_little_squares_2,
          v_pattern_3, v_rooms_1, grunt_vaults_diagonal,
          nicolae_vaults_little_squares_4, v_misc_2, grunt_vaults_swirl,
          hangedman_vaults_trim, ontoclasm_vaults_pinch,
          nicolae_vaults_bisected_inception, nicolae_vaults_little_squares_4,
          nicolae_vaults_angled_halls, v_misc_4, nicolae_vaults_meeting,
          vaults_room_mumra_shop_pool, layout_vaults_maze, serial_shops,
          nicolae_shop_overgrown_old_shop
Vaults:5
Depths:1: layout_roguey, hell_entry, solitary_fountain, st_stairs_14,
          nicolae_shop_fire_sale [nicolae_sub_dead_trees],
          eino_small_chamber_without_monster, minmay_hidden_floor,
          grunt_megastairs_5
Depths:2: minmay_the_grid_4x2 [minmay_the_grid_plusring,
          minmay_the_grid_tri_star, minmay_the_grid_outer_circle,
          minmay_the_grid_outer_diamond, minmay_the_grid_garden,
          minmay_the_grid_pillar_ring, minmay_the_grid_holed_spiral,
          minmay_the_grid_prize_four_corners], layout_cave_shapes, pan_entry,
          hell_entry, fedhas_altar_4, enter_trove_0, lemuel_statue_altar,
          minmay_crystal_box
Depths:3: minmay_cut_squares, layout_gridville, enter_ziggurat_a,
          rand_demon_pan_entry_8, serial_bayou_pond_a, abyss_entry, hell_entry,
          mu_enter_wizlab_2, grunt_qazlal_clouds
Depths:4: grunt_zot_entry_funnels, layout_cave_pools, hell_entry,
          glass_columns_a
Zot:1:    dreamdust_zin_vs_xom, layout_misc_corridors, st_stairs_3
Zot:2:    kennysheep_room_grid, layout_twisted_circle, gammafunk_ghost_split,
          evilmike_ambush [evilmike_ambush_outer_pillars,
          evilmike_ambush_inner_basic]
Zot:3:    layout_gridlike, lemuel_elevator
Zot:4:    layout_basic, st_stairs_12, grunt_ministairs_12
Zot:5:    layout_misc_corridors, grunt_ministairs_6, st_stairs_6

Skill      XL: |  1  2  3  4  5  6  7  8  9 10 11 12 13 14 15 16 17 18 19 20 21 22 23 24 25 26 27 |
---------------+----------------------------------------------------------------------------------+-----
Spellcasting   | 3 4 5 7 8 9 10 12 13 14 15 16 17 18 19 20 22 25 | 25.8
Fighting       | 4 5 6 7 9 10 11 12 13 14 15 16 17 18 19 20 21 | 21.9
Shields        | 2 5 7 8 9 10 12 15 | 15.0
Stealth        | 6 7 |  7.4
Dodging        | 3 6 9 10 13 16 | 16.8
Armour         | 4 9 12 14 16 17 19 21 | 21.8
Unarmed Combat | |  3.0

Action                   |  1- 3 |  4- 6 |  7- 9 | 10-12 | 13-15 | 16-18 | 19-21 | 22-24 | 25-27 || total
-------------------------+-------+-------+-------+-------+-------+-------+-------+-------+-------++-------
Melee: Unarmed           |    30 |       |       |       |       |       |       |       |       ||    30
       Whip              |       |     2 |     9 |       |       |       |       |       |       ||    11
       Staff             |       |       |       |     8 |    10 |     2 |     8 |    10 |     3 ||    41
 Cast: Scorch            |    36 |   103 |    80 |    24 |     1 |       |       |       |       ||   244
       Sting             |     1 |       |       |       |       |       |       |       |       ||     1
       Momentum Strike   |       |     1 |     1 |       |     1 |       |       |       |       ||     3
       Confusing Touch   |       |       |     1 |     1 |       |       |       |       |       ||     2
       Stone Arrow       |       |       |    47 |   233 |   150 |       |       |       |       ||   430
       Arcjolt           |       |       |       |    39 |   129 |    61 |    69 |   126 |   105 ||   529
       Yara's Violent Un |       |       |       |       |     8 |     4 |     2 |     6 |     2 ||    22
       Iron Shot         |       |       |       |       |    77 |   377 |   390 |   450 |   388 ||  1682
       Ozocubu's Refrige |       |       |       |       |       |    59 |    86 |     9 |       ||   154
       Spellforged Servi |       |       |       |       |       |       |     5 |       |       ||     5
       Orb of Destructio |       |       |       |       |       |       |    25 |    14 |    98 ||   137
       Lehudib's Crystal |       |       |       |       |       |       |       |     6 |    36 ||    42
       Shatter           |       |       |       |       |       |       |       |       |   128 ||   128
Invok: Fiery Armour      |       |       |       |     1 |       |       |       |       |       ||     1
Evoke: Wand              |       |       |       |       |     2 |       |     1 |       |       ||     3
  Use: Scroll            |       |       |     5 |    17 |    13 |     6 |     5 |     1 |    15 ||    62
       Potion            |       |       |       |     1 |     1 |     3 |     5 |     7 |    20 ||    37
Armor: Robe              |     5 |     5 |       |       |       |       |       |       |       ||    10
       Leather armour    |       |     5 |    21 |       |       |       |       |       |       ||    26
       Steam dragon scal |       |       |       |    33 |       |       |       |       |       ||    33
       Troll leather arm |       |       |       |     3 |    75 |    30 |    36 |       |    30 ||   174
       Chain mail        |       |       |       |       |       |       |    45 |   157 |   181 ||   383
Dodge: Dodged            |    18 |    19 |    44 |    81 |    63 |    83 |   108 |   123 |   215 ||   754
Block: Kite shield       |       |       |       |    25 |   130 |   110 |   136 |   188 |   232 ||   821

Table legend: (Time is in decaauts)
 A = Elapsed time spent in this place.
 B = Non-inter-level travel time spent in this place.
 C = Inter-level travel time spent in this place.
 D = Time resting spent in this place.
 E = Time spent auto-exploring this place.
 F = Levels seen in this place.
 G = Mean time per level.
                   A        B        C        D        E       F      G
               +--------+--------+--------+--------+--------+-----+--------+
         Total |  50362 |  46038 |   4324 |   1967 |  35253 |  63 |  799.4 |
       Dungeon |  17868 |  15821 |   2047 |    937 |  12671 |  15 | 1191.2 |
        Temple |     47 |     34 |     13 |      0 |     24 |   1 |   47.0 |
          Lair |   5040 |   4576 |    464 |     68 |   3691 |   5 | 1008.0 |
         Swamp |   2694 |   2530 |    164 |      0 |   2138 |   4 |  673.5 |
   Spider Nest |   3382 |   3266 |    116 |     52 |   2513 |   4 |  845.5 |
    Slime Pits |    574 |    499 |     75 |     60 |    219 |   5 |  114.8 |
  Orcish Mines |   1385 |   1090 |    295 |     94 |    781 |   2 |  692.5 |
   Elven Halls |   2929 |   2771 |    158 |      3 |   2290 |   3 |  976.3 |
        Vaults |   7033 |   6665 |    368 |     18 |   5372 |   5 | 1406.6 |
        Depths |   4481 |   3970 |    511 |    117 |   2938 |   4 | 1120.2 |
           Zot |   2781 |   2673 |    108 |    595 |   1351 |   5 |  556.2 |
         Abyss |    915 |    915 |      0 |     13 |    621 |   4 |  228.8 |
        Bazaar |    149 |    149 |      0 |      0 |     71 |   2 |   74.5 |
         Trove |     75 |     75 |      0 |      0 |      7 |   1 |   75.0 |
      Ice Cave |    409 |    409 |      0 |      0 |    205 |   1 |  409.0 |
        Wizlab |    235 |    235 |      0 |      0 |    140 |   1 |  235.0 |
      Gauntlet |    358 |    358 |      0 |     10 |    220 |   1 |  358.0 |
               +--------+--------+--------+--------+--------+-----+--------+

Top non-repeatable levels by time:
Vaults:5: 1976 daAuts
     D:8: 1805 daAuts
     D:9: 1694 daAuts
     D:6: 1609 daAuts
    D:10: 1567 daAuts
    D:12: 1519 daAuts
Depths:2: 1500 daAuts
Vaults:3: 1467 daAuts
Vaults:2: 1333 daAuts
   Elf:3: 1294 daAuts
  Lair:2: 1198 daAuts
     D:4: 1197 daAuts
Vaults:1: 1177 daAuts
  Lair:5: 1153 daAuts
    D:11: 1141 daAuts
